[Event "Finalturnier U14"]
[Site "TOSHIBA"]
[Date "2008.07.03"]
[Round "1"]
[White "Sommerhalder, Eric"]
[Black "Nuri, Kaiwan"]
[Result "1-0"]
[ECO "B76"]
[WhiteElo "1912"]
[BlackElo "1673"]
[PlyCount "49"]
[EventDate "2008.??.??"]
[TimeControl "40/7200:20/3600:1800"]

{400MB, Fritz8.ctg} 1. e4 c5 2. Nf3 d6 3. d4 cxd4 4. Nxd4 Nf6 5. Nc3 g6 6. Be3
Bg7 7. f3 O-O 8. Qd2 Nc6 9. O-O-O Nxd4 10. Bxd4 Be6 11. g4 Qa5 12. Kb1 Rfc8 13.
a3 Rc6 14. h4 h5 15. gxh5 Nxh5 16. Bxg7 Kxg7 17. Rg1 Rac8 18. Rg5 Rc5 19. Qd4+
Re5 20. Rxh5 gxh5 21. f4 Rxc3 22. fxe5 Rc8 23. exd6+ Kg8 24. dxe7 Kh7 25. Bd3
1-0

[Event "Finalturnier U14"]
[Site "TOSHIBA"]
[Date "2008.07.06"]
[Round "7"]
[White "Kupper, Nicolas"]
[Black "Nuri, Kaiwan"]
[Result "0-1"]
[ECO "B21"]
[WhiteElo "1775"]
[BlackElo "1673"]
[Annotator ",Inock"]
[PlyCount "52"]
[TimeControl "180"]

{400MB, Fritz8.ctg} 1. e4 c5 2. d4 cxd4 3. c3 dxc3 4. Nxc3 Nc6 5. Bc4 e6 6. Nf3
Nge7 7. O-O Ng6 8. Qe2 Na5 9. Bb5 a6 10. Ba4 b5 11. Bc2 Be7 12. Rd1 d6 13. Be3
Nc4 14. Bb3 Nxe3 15. Qxe3 Bb7 16. Rac1 O-O 17. Qe2 Ra7 18. Nd4 Ba8 19. Rd3 Nf4
20. Qf3 Nxd3 21. Qxd3 Qd7 22. Nde2 Rc7 23. Re1 Bf6 24. Bc2 g6 25. Rd1 Rd8 26.
Qg3 b4 0-1

[Event "Finalturnier u14"]
[Site "TOSHIBA"]
[Date "2008.07.06"]
[Round "7"]
[White "Turki, Salim"]
[Black "Burgueno, Diego"]
[Result "0-1"]
[ECO "C45"]
[WhiteElo "1832"]
[BlackElo "1827"]
[Annotator ",Inock"]
[PlyCount "102"]
[TimeControl "180"]

{400MB, Fritz8.ctg} 1. e4 e5 2. Nf3 Nc6 3. d4 exd4 4. Nxd4 Nf6 5. Nxc6 bxc6 6.
e5 Qe7 7. Qe2 Nd5 8. c4 Ba6 9. b3 O-O-O 10. g3 g5 11. Bb2 Bg7 12. Bg2 Rde8 13.
O-O Bxe5 14. Qxe5 Qxe5 15. Bxe5 Rxe5 16. cxd5 Bxf1 17. Kxf1 cxd5 18. Nc3 c6 19.
Re1 Rhe8 20. Rxe5 Rxe5 21. h3 h6 22. b4 Kc7 23. Bf3 d6 24. b5 d4 25. Ne2 d3 26.
Nd4 d2 27. Be2 Rd5 28. Nxc6 d1=Q+ 29. Bxd1 Rxd1+ 30. Ke2 Ra1 31. Nb4 Rb1 32.
Nd5+ Kd8 33. a4 Kd7 34. Ke3 Re1+ 35. Kf3 Ra1 36. Kg4 Rxa4+ 37. Kh5 Rd4 38. Ne3
Ke6 39. Kxh6 f6 40. Kg6 Rb4 41. Nf5 d5 42. Ng7+ Ke5 43. Nh5 Rxb5 44. Nxf6 d4
45. Kxg5 d3 46. Ng4+ Ke4+ 47. Kg6 d2 48. Ne3 Kf3 49. h4 Kxf2 50. Nd1+ Ke1 51.
Nc3 Rc5 0-1

[Event "Finalturnier U14"]
[Site "TOSHIBA"]
[Date "2008.07.06"]
[Round "7"]
[White "Berset, Alan"]
[Black "Viviani, Primo"]
[Result "0-1"]
[ECO "D10"]
[WhiteElo "1757"]
[BlackElo "1706"]
[Annotator ",Inock"]
[PlyCount "100"]
[TimeControl "180"]

{400MB, Fritz8.ctg} 1. d4 d5 2. c4 c6 3. g3 Nf6 4. Bg2 Bf5 5. Qb3 Bc8 6. cxd5
cxd5 7. Nc3 e6 8. Bf4 Bd6 9. Bxd6 Qxd6 10. Nb5 Qb6 11. Rc1 Na6 12. Nf3 O-O 13.
O-O Bd7 14. a4 Nb8 15. Qd3 Nc6 16. Rc3 Nb4 17. Qd2 Ne4 18. Qf4 Nxc3 19. bxc3
Nc6 20. Nd6 Ne7 21. g4 Bxa4 22. Ng5 Ng6 23. Qg3 h6 24. Ngxf7 Rxf7 25. Nxf7 Kxf7
26. e4 Bc6 27. exd5 Bxd5 28. Bxd5 exd5 29. Qf3+ Kg8 30. Qxd5+ Kh8 31. Re1 Rf8
32. Qe4 Qf6 33. Re2 Nf4 34. Rb2 Qg5 35. f3 h5 36. Rxb7 hxg4 37. Qe7 Qxe7 38.
Rxe7 gxf3 39. Rxa7 Nh3+ 40. Kf1 f2 41. Ra5 g6 42. d5 Re8 43. Ra1 Re5 44. c4 Rg5
45. Ke2 Rg2 46. Rf1 Kg7 47. d6 Kf6 48. c5 Rg1 49. c6 Ke6 50. d7 Ke7 0-1

[Event "Finalturnier U14"]
[Site "TOSHIBA"]
[Date "2008.07.06"]
[Round "7"]
[White "Meylan, André"]
[Black "Skouvaklis, Alexis"]
[Result "0-1"]
[ECO "B90"]
[WhiteElo "1853"]
[BlackElo "1890"]
[Annotator ",Inock"]
[PlyCount "106"]
[TimeControl "180"]

{400MB, Fritz8.ctg} 1. e4 c5 2. Nf3 d6 3. d4 cxd4 4. Nxd4 Nf6 5. Nc3 a6 6. a4
e5 7. Nf3 h6 8. Be2 Be7 9. O-O O-O 10. h3 Be6 11. Be3 Nc6 12. Qd2 Rc8 13. Rfd1
Na5 14. Qc1 Qc7 15. Nd2 d5 16. exd5 Nxd5 17. Nxd5 Bxd5 18. Bd3 f5 19. f3 Qc6
20. c4 Be6 21. b3 Qc7 22. Qb2 Nc6 23. Rac1 Rcd8 24. Bb1 Nd4 25. Nf1 Bc5 26. b4
Qb6 27. Kh1 Qxb4 28. Bxd4 Rxd4 29. Qxb4 Bxb4 30. Rxd4 exd4 31. Bd3 a5 32. Ng3
g6 33. Ne2 Rd8 34. Rc2 Bf7 35. Kg1 Kg7 36. Kf1 Kf6 37. Nc1 Rc8 38. Na2 Ba3 39.
Nc1 Be8 40. Ne2 Bc5 41. Ra2 g5 42. Ng3 Bd7 43. Rb2 b6 44. Ra2 Re8 45. Nh5+ Kg6
46. g4 Re3 47. Be2 f4 48. Bd1 Bb4 49. Kf2 d3 50. Ra1 Be6 51. Rc1 Bc5 52. Kf1 d2
53. Rc2 Re1+ 0-1

[Event "Finalturnier U14"]
[Site "TOSHIBA"]
[Date "2008.07.06"]
[Round "7"]
[White "Sommerhalder, Eric"]
[Black "Angst, Robin"]
[Result "1/2-1/2"]
[ECO "A04"]
[WhiteElo "1912"]
[BlackElo "1921"]
[Annotator ",Inock"]
[PlyCount "61"]
[TimeControl "180"]

{400MB, Fritz8.ctg} 1. Nf3 f5 2. d3 Nf6 3. e4 d6 4. e5 dxe5 5. Nxe5 g6 6. g4
Qd5 7. Nf3 Nc6 8. gxf5 Bxf5 9. Bg2 Bg7 10. Nc3 Qd6 11. Be3 O-O 12. Qd2 a6 13.
O-O-O Nd5 14. Nxd5 Qxd5 15. Bh6 Qxa2 16. Qg5 Bxb2+ 17. Kd2 Bf6 18. Qf4 e5 19.
Qc4+ Qxc4 20. dxc4 Rfd8+ 21. Ke2 Bxc2 22. Rd2 e4 23. Rxd8+ Rxd8 24. Nd2 Nd4+
25. Ke1 Nf3+ 26. Bxf3 exf3 27. Be3 Bc3 28. Rg1 a5 29. Bg5 a4 30. Bxd8 a3 31.
Bxc7 1/2-1/2

[Event "Finalturnier U14"]
[Site "TOSHIBA"]
[Date "2008.07.06"]
[Round "7"]
[White "Rindlisbacher, Jan"]
[Black "Muheim, Sébastien"]
[Result "1/2-1/2"]
[ECO "A87"]
[WhiteElo "200"]
[BlackElo "2014"]
[Annotator ",Inock"]
[PlyCount "76"]
[TimeControl "180"]

{400MB, Fritz8.ctg} 1. d4 f5 2. c4 Nf6 3. Nf3 g6 4. g3 Bg7 5. Bg2 O-O 6. O-O d6
7. Qb3 c6 8. Nc3 Qe8 9. c5+ d5 10. Ne5 Nfd7 11. f4 Nxe5 12. fxe5 Kh8 13. Bd2
Na6 14. Qc2 Nc7 15. b4 h6 16. Rfb1 g5 17. e3 f4 18. Rf1 Ne6 19. gxf4 gxf4 20.
Ne2 fxe3 21. Bxe3 Ng5 22. Rxf8+ Bxf8 23. Nf4 Qf7 24. Ng6+ Kg8 25. Nxf8 Bf5 26.
Qd2 Rxf8 27. h4 Ne4 28. Bxe4 Bxe4 29. Bxh6 Kh7 30. Bxf8 Qxf8 31. Kh2 Qf3 32.
Rg1 e6 33. Qg2 Qf4+ 34. Qg3 Qd2+ 35. Rg2 Bxg2 36. Qxg2 Qxd4 37. Qg5 Qf2+ 38.
Kh3 Qf3+ 1/2-1/2

[Event "Finalturnier U14"]
[Site "TOSHIBA"]
[Date "2008.07.06"]
[Round "7"]
[White "Lienhard, Alex"]
[Black "Stoeri, Simon"]
[Result "1-0"]
[ECO "C55"]
[WhiteElo "2011"]
[BlackElo "1990"]
[Annotator ",Inock"]
[PlyCount "45"]
[TimeControl "180"]

{400MB, Fritz8.ctg} 1. e4 e5 2. Nf3 Nc6 3. d4 exd4 4. Bc4 Nf6 5. e5 d5 6. Bb5
Ne4 7. Nxd4 Bd7 8. Bxc6 bxc6 9. O-O Bc5 10. f3 Ng5 11. f4 Ne4 12. Nc3 Nxc3 13.
bxc3 Bb6 14. Be3 Rb8 15. f5 Qe7 16. e6 Bc8 17. Qg4 f6 18. a4 a6 19. Qh5+ Kf8
20. Bc1 Bc5 21. Kh1 Bb7 22. Rb1 Ba7 23. Rxb7 1-0

[Event "Finalturnier U14"]
[Site "TOSHIBA"]
[Date "2008.07.06"]
[Round "7"]
[White "Hasenohr, Benedict"]
[Black "Gähwiler, Gabriel"]
[Result "1-0"]
[ECO "D35"]
[WhiteElo "2005"]
[BlackElo "2176"]
[Annotator ",Inock"]
[PlyCount "65"]
[TimeControl "180"]

{400MB, Fritz8.ctg} 1. d4 d5 2. c4 e6 3. Nc3 Nf6 4. Bg5 Nbd7 5. cxd5 exd5 6.
Nf3 Be7 7. e3 O-O 8. Bd3 Re8 9. O-O c6 10. a3 Ne4 11. Bxe7 Qxe7 12. Qc2 f5 13.
b4 a6 14. Rab1 g5 15. Nd2 Ndf6 16. Ndxe4 fxe4 17. Be2 Qd6 18. Qd1 h5 19. Bxh5
Re7 20. f4 g4 21. Bg6 g3 22. f5 gxh2+ 23. Kh1 Qg3 24. Qe1 Qg5 25. g3 Kg7 26.
Rb2 Bd7 27. Nd1 Ng4 28. Rf4 Rf8 29. Nf2 Nxf2+ 30. Rfxf2 Kf6 31. Rxh2 Kg7 32.
Rh7+ Kf6 33. Rh5 1-0